 Dungeon Crawl Stone Soup version 0.25.1-1-g288607f5aa (webtiles) character file.

Game seed: 6774525848301779134

10 Descartes the Vexing (level 2, 0/11 HPs)
             Began as a Felid Enchanter on July 19, 2020.
             Slain by a leopard gecko (1 damage)
             ... on level 1 of the Dungeon.
             The game lasted 00:01:24 (808 turns).

Descartes the Vexing (Felid Enchanter)               Turns: 808, Time: 00:01:24

Health: 0/11       AC:  1    Str:  4    XL:     2   Next: 10%
Magic:  6/6        EV: 18    Int: 16    God:
Gold:   44         SH:  0    Dex: 16    Spells: 4/5 levels left
                                        Lives:  0   Deaths: 0

rFire    . . .     SeeInvis +     - Unarmed
rCold    . . .     Gourm    .   (shield unavailable)
rNeg     . . .     Faith    .   (armour unavailable)
rPois    .         Spirit   .   (helmet unavailable)
rElec    .         Reflect  .   (cloak unavailable)
rCorr    .         Harm     .   (gloves unavailable)
MR       .....                  (boots unavailable)
Stlth    +++.......             (no amulet)
HPRegen  0.03/turn              (no ring)
MPRegen  0.10/turn              (no ring)

@: quick
A: very small, no armour, no weapons or thrown items, stealth, claws 1, fangs 3,
see invisible, carnivore, speed 1, shaggy fur 1, slow metabolism 1, sharp paws
a: no special abilities


You were on level 1 of the Dungeon.
You were completely stuffed.

You visited 1 branch of the dungeon, and saw 1 of its levels.

You collected 44 gold pieces.

Inventory:

Missiles
 d - 25 arrows
Scrolls
 c - a scroll of remove curse {unknown}
 e - a scroll of teleportation {unknown}
Potions
 a - a potion of ambrosia {unknown}
Comestibles
 b - a ration


   Skills:
 + Level 2.9 Dodging
 * Level 4.4 Stealth
 * Level 1.5 Unarmed Combat
 - Level 2.0 Spellcasting
 - Level 4.4 Hexes


You had 4 spell levels left.
You knew the following spells:

 Your Spells              Type           Power        Failure   Level  Hunger
a - Corona                Hex            ###....      3%          1    #......

Your spell library contained the following spells:

 Spells                   Type           Power        Failure   Level  Hunger
 Confusing Touch          Hex            ###.....     11%         3    ###....
 Tukima's Dance           Hex            ###.....     11%         3    ###....
 Ensorcelled Hibernation  Hex/Ice        #.....       13%         2    ###....
 Dazzling Flash           Conj/Hex       #.....       26%         3    ###....


Dungeon Overview and Level Annotations

Branches:
Dungeon (1/15)

Altars:


Innate Abilities, Weirdness & Mutations

You cannot wear armour.
You are incapable of wielding weapons or throwing items.
Your paws allow you to move quietly. (Stealth)
You have sharp claws.
You have razor-sharp teeth.
You have supernaturally acute eyesight. (SInv)
You are carnivorous and can eat meat at any time.
You cover ground quickly.
You are covered in fur. (AC +1)
You have a slow metabolism.
Your sharp claws are effective at attacking unaware monsters.


Message History

You closely miss the leopard gecko. The leopard gecko bites you.
* * * LOW HITPOINT WARNING * * *
You closely miss the leopard gecko. The leopard gecko misses you. x2
You scratch the leopard gecko.
The leopard gecko is moderately wounded.
The leopard gecko closely misses you.
You scratch the leopard gecko.
The leopard gecko is severely wounded.
The leopard gecko bites you.
* * * LOW HITPOINT WARNING * * *
You closely miss the leopard gecko.
The leopard gecko is severely wounded.
The leopard gecko misses you.
You barely miss the leopard gecko. Your bite misses the leopard gecko.
The leopard gecko is severely wounded.
The leopard gecko barely misses you.
You closely miss the leopard gecko. You bite the leopard gecko.
The leopard gecko is almost dead.
The leopard gecko bites you.
You die...

#..................
##.#####...........
#.# #....##..##.
#.# #....##..##.
#.# #...........
#.# #..........g
#.# #.#..##.####
#.# ###..##.# #@#
##.##.#### #l#
#........ #.#
#.##.####
#.########.##.#
##.............####
#..................
###################


You could see a leopard gecko.

Vanquished Creatures
  2 bats (D:1)
  A hobgoblin (D:1)
  2 kobolds (D:1)
  2 frilled lizards (D:1)
  A goblin (D:1)
  3 rats (D:1)
11 creatures vanquished.

Notes
Turn   | Place    | Note
-------+----------+-------------------------------------------
     0 | D:1      | Descartes the Felid Enchanter began the quest for the Orb.
     0 | D:1      | Reached XP level 1. HP: 7/7 MP: 4/4
   359 | D:1      | Reached XP level 2. HP: 11/11 MP: 6/6
   808 | D:1      | Slain by a leopard gecko

Illustrated notes

Levels and vault maps discovered:
D:1:      minmay_arrival_checkered_box, layout_basic

Action                   || total
-------------------------++-------
Melee: Unarmed           ||    39
       Bite              ||     4
 Stab: Sleeping          ||     3
  Eat: Chunk             ||     7
Dodge: Dodged            ||    31
